 Dungeon Crawl Stone Soup version 0.17-a0-1687-g01fd01a (webtiles) character file.

81 DogShitOnMyToe the Slinger (level 4, -1/29 HPs)
             Began as a Halfling Hunter on Aug 20, 2015.
             Slain by a gnoll
             ... wielding a +0 halberd
              (10 damage)
             ... on level 3 of the Dungeon.
             The game lasted 00:07:47 (2909 turns).

DogShitOnMyToe the Slinger (Halfling Hunter)        Turns: 2909, Time: 00:07:47

Health: -1/29      AC:  3    Str: 12    XL:     4   Next: 67%
Magic:  4/4        EV: 14    Int: 10    God:
Gold:   104        SH:  0    Dex: 15    Spells: 0 memorised, 3 levels left

rFire  . . .     SeeInvis .     b - +0 short sword
rCold  . . .     Clarity  .     d - +0 leather armour
rNeg   . . .     SustAt   .     (shield restricted)
rPois  .         Gourm    .     (no helmet)
rElec  .         Spirit   .     (no cloak)
rCorr  .         Warding  .     (no gloves)
rMut   .         Stasis   .     (no boots)
MR     .....                    (no amulet)
Stlth  ++........               (no ring)
                                (no ring)

@: starving, not resistant to hostile enchantments, unstealthy
A: mutation resistance 1
a: no special abilities


You were on level 3 of the Dungeon.
You were starving.

You visited 1 branch of the dungeon, and saw 3 of its levels.

You collected 104 gold pieces.

Inventory:

Hand weapons
 a - a +1 hunting sling
 b - a +0 short sword (weapon)
 i - a +3 short sword
Missiles
 c - 22 sling bullets
 g - 101 stones (quivered)
 l - 13 silver sling bullets
Armour
 d - a +0 leather armour (worn)
Jewellery
 s - an uncursed amulet of regeneration {unknown}
Scrolls
 f - a scroll of noise {unknown}
 j - 2 scrolls of identify {unknown}
 k - a scroll of fog {unknown}
 o - 2 scrolls of teleportation {unknown}
 t - a scroll of remove curse {unknown}
Potions
 h - a potion of ambrosia {unknown}
 m - a potion of might {unknown}
 p - a potion of heal wounds {unknown}
 q - a potion of poison {unknown}
 u - 2 potions of curing {unknown}
Comestibles
 e - 4 bread rations
 n - 3 fruits
 v - a beef jerky


   Skills:
 - Level 1.7 Fighting
 + Level 8.3 Slings
 - Level 2.1 Dodging
 - Level 1.1 Stealth


You had 3 spell levels left.
You didn't know any spells.

Dungeon Overview and Level Annotations

Branches:
Dungeon (3/15)

Altars:
Ru
Sif Muna


Innate Abilities, Weirdness & Mutations

You are small and have problems with some larger weapons.
You are somewhat resistant to further mutation.


Message History

You are too injured to fight recklessly!
You are too injured to fight recklessly!
You are too injured to fight recklessly!
You are too injured to fight recklessly!
You are too injured to fight recklessly!
You see here a whip.
There is a stone staircase leading up, spattered with blood here.
The gnoll closely misses you. The gnoll hits you with a flail.
There is an escape hatch in the floor here.
You slide downwards.
The hatch slams shut behind you.
A rat comes into view.
The gnoll hits you with a flail.
* * * LOW HITPOINT WARNING * * *
The gnoll shouts!
The gnoll misses you.
The gnoll shouts!
You hit the gnoll but do no damage.
The gnoll hits you from afar with a halberd!
You die...

#.# #.g# # #.# #g.#
#.##.# #..# .# #....#
#..# #.# ####.# #..#
#.# #.###..# #.#
#.##.#.## #.#
###g.g###.# ###.#
#.g@##[#.## ##.#.#
#.#g###..#
##.#..#######.#.# ##.#
##.#.#...<.gg....# #.#
#.#...#.####.###.####.#
.#.....#.....# #..g.g.#
.#.≈≈≈.#..##)###.######
.#≈...≈#.###.....#
.#≈._.≈#.# ###.#.#


You could see 4 gnolls.

Vanquished Creatures
  3 adders
  4 giant cockroaches
  4 goblins
  5 hobgoblins
  8 jackals
  8 kobolds
  A quokka (D:2)
  A ball python (D:2)
  3 bats
  3 giant newts
  12 rats
52 creatures vanquished.

Notes
Turn   | Place    | Note
--------------------------------------------------------------
     0 | D:1      | DogShitOnMyToe the Halfling Hunter began the quest for the Orb.
     0 | D:1      | Reached XP level 1. HP: 14/14 MP: 1/1
    52 | D:1      | Reached skill level 6 in Slings
   224 | D:1      | Reached XP level 2. HP: 19/19 MP: 2/2
   481 | D:1      | Reached skill level 7 in Slings
   481 | D:1      | Reached XP level 3. HP: 17/24 MP: 3/3
  1478 | D:2      | Reached XP level 4. HP: 13/29 MP: 4/4
  1764 | D:2      | Reached skill level 8 in Slings
  2123 | D:3      | Found a sacrificial altar of Ru.
  2430 | D:3      | Found a deep blue altar of Sif Muna.
  2909 | D:3      | Slain by a gnoll

Vault maps used:
D:1:      minmay_arrival_stair_chambers, st_stairs_5
D:3:      lemuel_blue_sif_altar, minmay_item_behind_shaft,
          nicolae_ru_awakened_eye

Action                   |  1- 3 |  4- 6 || total
-------------------------+-------+-------++-------
Melee: Short sword       |   102 |    94 ||   196
 Fire: Hunting sling     |    18 |     6 ||    24
 Stab: Sleeping          |     3 |     1 ||     4
  Eat: Chunk             |     1 |     3 ||     4
